 Dungeon Crawl Stone Soup version 0.20.1-1-g8b1a95d (webtiles) character file.

364 raph the Magician (level 6, -1/34 HPs)
             Began as a Deep Elf Wizard on Dec 17, 2017.
             Was an Initiate of Sif Muna.
             Slain by a water moccasin (2 damage)
             ... on level 5 of the Dungeon.
             The game lasted 00:14:42 (4501 turns).

raph the Magician (Deep Elf Wizard)                 Turns: 4501, Time: 00:14:44

Health: -1/34      AC:  5    Str:  7    XL:     6   Next: 39%
Magic:  1/15       EV: 21    Int: 24    God:    Sif Muna [......]
Gold:   75         SH:  0    Dex: 18    Spells: 2/15 levels left

rFire    + . .     SeeInvis .   i - +1 short sword (speed)
rCold    . . .     Gourm    .   (no shield)
rNeg     . . .     Faith    .   v - +2 robe {MR+}
rPois    .         Spirit   .   b - +0 hat
rElec    .         Reflect  .   n - +0 cloak
rCorr    .         Harm     .   (no gloves)
MR       +....                  (no boots)
Stlth    ++++......             (no amulet)
Regen    0.2/turn               q - ring of protection from fire
MPRegen  0.2/turn               (no ring)

@: agile, lethally poisoned (-1 -> -36)
A: horns 1, repulsion field 1, strong 1
a: Renounce Religion


You were on level 5 of the Dungeon.
You worshipped Sif Muna.
Sif Muna was noncommittal.
You were not hungry.

You visited 1 branch of the dungeon, and saw 5 of its levels.

You collected 204 gold pieces.
You spent 129 gold pieces at shops.

Inventory:

Hand Weapons
 i - a +1 short sword of speed (weapon)
Missiles
 l - 113 stones (quivered)
Armour
 b - a +0 hat (worn)
 n - a +0 cloak (worn)
 v - a +2 robe of magic resistance (worn)
Jewellery
 q - a ring of protection from fire (left hand)
Scrolls
 j - 2 scrolls of amnesia
 t - a scroll of identify
Potions
 e - a potion of flight
 g - a potion of lignification
 o - 2 potions of haste {unknown}
 r - a potion of magic {unknown}
Books
 c - a book of Minor Magic

   Spells                             Type                      Level
   a - Magic Dart                     Conjuration                  1
   b - Blink                          Translocation                2
   c - Call Imp                       Summoning                    2
   d - Slow                           Hexes                        2
   e - Conjure Flame                  Conjuration/Fire             3
   f - Mephitic Cloud                 Conjuration/Poison/Air       3
Comestibles
 d - a bread ration
 h - a royal jelly


   Skills:
 + Level 1.5 Fighting
 + Level 3.9 Dodging
 + Level 3.7 Stealth
 + Level 5.2 Spellcasting
 * Level 3.7 Conjurations
 + Level 2.6 Summonings
 - Level 1.1 Translocations
 + Level 1.8 Air Magic


You had 2 spell levels left.
You knew the following spells:

 Your Spells              Type           Power        Failure   Level  Hunger
a - Magic Dart            Conj           ###.         1%          1    None
b - Blink                 Tloc           N/A          9%          2    None
c - Call Imp              Summ           ###.....     4%          2    None
d - Conjure Flame         Conj/Fire      ###.....     12%         3    ##.....
e - Mephitic Cloud        Conj/Pois/Air  ###.....     12%         3    ##.....
f - Slow                  Hex            #.......     13%         2    None


Dungeon Overview and Level Annotations

Branches:
Dungeon (5/15)
 Temple: D:4-7

Altars:
Dithmenos
Sif Muna

Shops:
D:5 [

Annotations:
D:3 Grinder
D:4 damerell's ghost, amateur MfAK


Innate Abilities, Weirdness & Mutations

You have a pair of small horns on your head.
You are surrounded by a mild repulsion field. (EV +2)
Your muscles are strong. (Str +2)


Message History

The water moccasin is almost dead.
The water moccasin closely misses you.
You hit the water moccasin but do no damage.
The water moccasin is almost dead.
The water moccasin bites you.
You are lethally poisoned!
The water moccasin poisons you!
You barely miss the water moccasin.
The water moccasin is almost dead.
You feel sick. The water moccasin bites you!
* * * LOW HITPOINT WARNING * * *
You are more poisoned.
The water moccasin poisons you!
It was a potion of mutation.
You feel extremely strange.
You begin to radiate repulsive energy.
A pair of horns grows on your head!
You feel stronger.
* * * LOW HITPOINT WARNING * * *
You feel very sick. The water moccasin bites you.
You die...

#.##.#.#.#.##.#
#......#.#.##.#
####.###....SJa
#)# ###.##h# #5#
#.##.# #### #...
..##.# #.. ...#
#.# #.#
##.#######h# #@#
#.........# #S#
####..#####..# #a#
#........#....
#.###.##.....a....
#....(...(.#.#....
#####.###..#......
#...##.........
#.....##.###....
#.......#.# #....


You could see a water moccasin and a worker ant.

Vanquished Creatures
  An ogre (D:4)
  A jelly (D:3)
  2 orc priests (D:4)
  Natasha (D:3)
  A hound skeleton (D:4)
  A howler monkey zombie (D:5)
  6 adders
  2 adder skeletons
  A worm (D:3)
  A dart slug (D:3)
  A leopard gecko (D:3)
  3 orcs
  6 bats
  2 giant cockroaches
  6 hobgoblins
  3 jackals
  5 frilled lizards
  7 goblins
  6 kobolds
  A leopard gecko skeleton (D:4)
  10 rats
67 creatures vanquished.

Vanquished Creatures (collateral kills)
  A worker ant (D:5)
  A gnoll (D:5)
  2 adders (D:2)
  2 worms (D:2)
  3 orcs
  2 jackals (D:1)
  A quokka (D:2)
  A kobold (D:2)
13 creatures vanquished.

Grand Total: 80 creatures vanquished

Notes
Turn   | Place    | Note
-------+----------+-------------------------------------------
     0 | D:1      | raph the Deep Elf Wizard began the quest for the Orb.
     0 | D:1      | Reached XP level 1. HP: 10/10 MP: 7/7
   468 | D:1      | Reached XP level 2. HP: 15/15 MP: 6/9
   498 | D:1      | Learned a level 2 spell: Blink
   501 | D:1      | Learned a level 2 spell: Call Imp
  1218 | D:2      | Found a faded altar of an unknown god.
  1236 | D:2      | Reached XP level 3. HP: 14/19 MP: 6/11
  1447 | D:2      | Learned a level 3 spell: Conjure Flame
  1451 | D:2      | Learned a level 3 spell: Mephitic Cloud
  1766 | D:2      | Reached XP level 4. HP: 24/24 MP: 4/12
  2233 | D:3      | Found a shadowy altar of Dithmenos.
  2307 | D:3      | Found a deep blue altar of Sif Muna.
  2313 | D:3      | Became a worshipper of Sif Muna the Loreminder
  2336 | D:3      | Noticed Grinder
  2336 | D:3      | Paralysed by Grinder for 6 turns
  2337 | D:3      | Noticed Natasha
  2357 | D:3      | Paralysed by Grinder for 4 turns
  2372 | D:3      | Reached skill level 5 in Spellcasting
  2976 | D:3      | Reached XP level 5. HP: 14/28 MP: 6/14
  3004 | D:3      | Killed Natasha
  3004 | D:3      | Reached skill level 1 in Air Magic
  3227 | D:3      | Paralysed by Grinder for 5 turns
  3250 | D:3      | HP: 1/28 [Grinder/nerve-wracking pain (9)]
  3273 | D:3      | Paralysed by Grinder for 3 turns
  3645 | D:3      | Learned a level 2 spell: Slow
  3745 | D:4      | Reached skill level 1 in Fighting
  3979 | D:4      | Noticed an ogre
  3984 | D:4      | Noticed damerell's ghost (amateur MfAK)
  3992 | D:4      | Killed an ogre
  3992 | D:4      | Reached XP level 6. HP: 34/34 MP: 6/15
  4001 | D:5      | Entered Level 5 of the Dungeon
  4133 | D:5      | Found Dufat's Antique Armour Shoppe.
  4137 | D:5      | Bought an embroidered robe for 129 gold pieces
  4411 | D:5      | Noticed a water moccasin
  4501 | D:5      | Gained mutation: You are surrounded by a mild repulsion field. (EV +2) [potion of mutation]
  4501 | D:5      | Gained mutation: You have a pair of small horns on your head. [potion of mutation]
  4501 | D:5      | Gained mutation: Your muscles are strong. (Str +2) [potion of mutation]
  4501 | D:5      | HP: 1/34 [poisoned by a water moccasin]
  4501 | D:5      | Slain by a water moccasin

Skill      XL: |  1  2  3  4  5 |
---------------+----------------+-----
Conjurations   | 2 3 |  3.7
Stealth        | 3 |  3.7
Dodging        | 3 |  3.9
Spellcasting   | 5 |  5.2
Summonings     | 2 |  2.6
Air Magic      | 1 |  1.8
Fighting       | 1 |  1.5
Translocations | |  1.1

Action                   |  1- 3 |  4- 6 || total
-------------------------+-------+-------++-------
Melee: Short sword       |     8 |    26 ||    34
Throw: Stone             |       |     8 ||     8
 Cast: Magic Dart        |    74 |    98 ||   172
       Call Imp          |     6 |    20 ||    26
       Mephitic Cloud    |     1 |     5 ||     6
       Conjure Flame     |       |     4 ||     4
       Slow              |       |     1 ||     1
  Use: Scroll            |       |    12 ||    12
       Potion            |       |     3 ||     3
 Stab: Sleeping          |       |     2 ||     2
       Distracted        |       |     1 ||     1
  Eat: Chunk             |     2 |     9 ||    11
Armor: Robe              |     3 |     4 ||     7
Dodge: Dodged            |    11 |    27 ||    38
